 Dungeon Crawl Stone Soup version 0.20.1-1-g8b1a95d (webtiles) character file.

128 pstr the Stinger (level 5, -1/43 HPs)
             Began as a Naga Venom Mage on Dec 5, 2017.
             Slain by othur's ghost (6 damage)
             ... on level 4 of the Dungeon.
             The game lasted 00:08:27 (3882 turns).

pstr the Stinger (Naga Venom Mage)                  Turns: 3882, Time: 00:08:28

Health: -1/43      AC:  2    Str: 11    XL:     5   Next: 11%
Magic:  9/9        EV: 10    Int: 16    God:
Gold:   70         SH:  0    Dex: 11    Spells: 9/10 levels left

rFire    . . .     SeeInvis +   i - +0 club
rCold    . . .     Gourm    .   (no shield)
rNeg     . . .     Faith    .   a - +0 robe
rPois    +         Spirit   .   (no helmet)
rElec    .         Reflect  .   (no cloak)
rCorr    .         Harm     .   (no gloves)
MR       .....                  (no barding)
Stlth    ++........             (no amulet)
Regen    0.2/turn               (no ring)
MPRegen  0.2/turn               (no ring)

@: very slow
A: see invisible, deformed body, poison resistance, slowness 2, slow metabolism
1, spit poison 1, AC +1
a: Spit Poison


You were on level 4 of the Dungeon.
You were not hungry.

You visited 1 branch of the dungeon, and saw 4 of its levels.

You collected 70 gold pieces.

Inventory:

Hand Weapons
 i - a +0 club (weapon)
Missiles
 e - 111 stones (quivered)
Armour
 a - a +0 robe (worn)
 f - a +0 leather armour
 j - a +2 shield
 l - a +0 leather armour
Scrolls
 d - 3 scrolls of identify {unknown}
 g - a scroll of remove curse {unknown}
 k - 3 scrolls of teleportation {unknown}
 n - 2 scrolls of fear {unknown}
 o - a scroll of immolation {unknown}
 p - a scroll of blinking {unknown}
 s - 2 scrolls of recharging {unknown}
 v - a scroll of amnesia {unknown}
 x - a scroll of enchant armour {unknown}
Potions
 q - a potion of curing {unknown}
 t - a potion of lignification {unknown}
 u - 2 potions of invisibility {unknown}
 z - 2 potions of mutation {unknown}
 A - a potion of haste {unknown}
Books
 b - a Young Poisoner's Handbook

   Spells                             Type                      Level
   a - Sting                          Conjuration/Poison           1
   b - Poisonous Vapours              Poison/Air                   2
   c - Mephitic Cloud                 Conjuration/Poison/Air       3
   d - Olgreb's Toxic Radiance        Poison                       4
   e - Venom Bolt                     Conjuration/Poison           5
Comestibles
 c - a bread ration
 h - 2 meat rations
 r - 3 royal jellies
 w - 2 chunks of flesh


   Skills:
 + Level 0.4 Fighting
 + Level 1.9 Dodging
 + Level 3.6 Stealth
 + Level 3.1 Spellcasting
 + Level 2.0 Conjurations
 + Level 5.3 Poison Magic


You had 9 spell levels left.
You knew the following spells:

 Your Spells              Type           Power        Failure   Level  Hunger
a - Sting                 Conj/Pois      ##..         4%          1    None


Dungeon Overview and Level Annotations

Branches:
Dungeon (4/15)
 Temple: D:4-7

Altars:

Annotations:
D:4 othur's ghost, novice GrBe


Innate Abilities, Weirdness & Mutations

You cannot wear boots.
Your serpentine skin is tough. (AC +1)
You have supernaturally acute eyesight. (SInv)
Armour fits poorly on your strangely shaped body.
Your system is resistant to poisons. (rPois)
You cover ground very slowly.
You have a slow metabolism.
You can spit poison.


Message History

Casting: Sting
Confirm with . or Enter, or press ? or * to list all spells.
You can't see any susceptible monsters within range! (Use Z to cast anyway.)
Casting: Sting
Confirm with . or Enter, or press ? or * to list all spells.
You can't see any susceptible monsters within range! (Use Z to cast anyway.)
Casting: Sting
Confirm with . or Enter, or press ? or * to list all spells.
You can't see any susceptible monsters within range! (Use Z to cast anyway.)
You closely miss othur's ghost. Othur's ghost completely misses you.
You hit othur's ghost but do no damage. Othur's ghost hits you.
You barely miss othur's ghost. Othur's ghost hits you!
Othur's ghost barely misses you.
You hit othur's ghost but do no damage. Othur's ghost hits you!
You hit othur's ghost but do no damage. Othur's ghost hits you!
* * * LOW HITPOINT WARNING * * *
Othur's ghost barely misses you.
It was a potion of magic.
Magic courses through your body. Othur's ghost hits you.
You die...

. .. #.## ##../#
#.....### #########
#...W<..# #.......#
#.#######.#####.#
#....W@...# ##.######
##############.......#
#.......#.#
#.#..##.#.#
#.#.....#.#
#.#.##..#.#
#.#.##..#.#
#.........#
######.####


You could see othur's ghost.

Vanquished Creatures
  5 adders
  An ooze (D:2)
  A worm (D:2)
  11 orcs (D:3)
  A giant cockroach (D:1)
  4 goblins
  7 hobgoblins
  9 jackals
  6 bats
  5 frilled lizards
  6 kobolds
  9 rats
65 creatures vanquished.

Notes
Turn   | Place    | Note
-------+----------+-------------------------------------------
     0 | D:1      | pstr the Naga Venom Mage began the quest for the Orb.
     0 | D:1      | Reached XP level 1. HP: 15/15 MP: 3/3
   388 | D:1      | Reached XP level 2. HP: 22/22 MP: 1/5
  1446 | D:2      | Reached XP level 3. HP: 25/28 MP: 2/6
  2263 | D:3      | Reached XP level 4. HP: 30/36 MP: 1/8
  2779 | D:3      | Reached skill level 5 in Poison Magic
  3681 | D:3      | Reached XP level 5. HP: 41/43 MP: 5/9
  3868 | D:4      | Noticed othur's ghost (novice GrBe)
  3882 | D:4      | Slain by othur's ghost

Skill      XL: |  1  2  3  4 |
---------------+-------------+-----
Spellcasting   | 3 |  3.1
Poison Magic   | 5 |  5.3
Conjurations   | 2 |  2.0
Fighting       | |  0.4
Dodging        | |  1.9
Stealth        | |  3.6

Action                   |  1- 3 |  4- 6 || total
-------------------------+-------+-------++-------
Melee: Unarmed           |     5 |       ||     5
       Club              |     9 |    13 ||    22
 Cast: Sting             |    69 |    65 ||   134
 Abil: Spit Poison       |     7 |     1 ||     8
  Use: Potion            |       |     1 ||     1
  Eat: Chunk             |     4 |     4 ||     8
Armor: Robe              |    15 |    16 ||    31
Dodge: Dodged            |    33 |    47 ||    80
